 Dungeon Sprint DCSS version 0.18.1-50-g88ac8fd (webtiles) character file.

103 Kagutsuchi the Skirmisher (level 4, -5/45 HPs)
             Began as a Draconian Berserker on Oct 22, 2016.
             Was a Priest of Trog.
             Slain by a crocodile (10 damage)
             ... in the Dungeon (Sprint II: "The Violet Keep of Menkaure").
             The game lasted 00:01:05 (132 turns).

Kagutsuchi the Skirmisher (Draconian Berserker)      Turns: 132, Time: 00:01:06

Health: -5/45      AC:  5    Str: 19    XL:     4   Next: 51%
Magic:  4/4        EV: 14    Int:  7    God:    Trog [***...]
Gold:   486        SH:  0    Dex: 12    Spells: 0 memorised, 3 levels left

rFire  . . .     SeeInvis .     a - +0 falchion
rCold  . . .     Gourm    .     (armour unavailable)
rNeg   . . .     Faith    .     (no shield)
rPois  .         Spirit   .     (helmet restricted)
rElec  .         Dismiss  .     (no cloak)
rCorr  .         Reflect  .     (no gloves)
SustAt .         Harm     .     (no boots)
MR     .....     NoTele   +     (no amulet)
Stlth  +.........               (no ring)
                                (no ring)

@: not resistant to hostile enchantments, very unstealthy
A: unfitting armour, cold-blooded, AC +5
a: Berserk, Trog's Hand, Burn Spellbooks, Renounce Religion


You were in the Dungeon.
You worshipped Trog.
Trog was most pleased with you.
You were full.

You visited 1 branch You collected 486 gold pieces.

Inventory:

Hand Weapons
 a - a +0 falchion (weapon)
Scrolls
 h - a scroll of blinking
Potions
 d - a potion of heal wounds
 e - a potion of haste
 f - 2 potions of magic
 g - a potion of berserk rage


   Skills:
 + Level 6.7 Fighting
 + Level 5.8 Long Blades
 + Level 5.5 Dodging


You had 3 spell levels left.
You didn't know any spells.

Dungeon Overview and Level Annotations

Branches:
Dungeon (1/1)

Altars:

Shops:
D ?*!?[?(=[%


Innate Abilities, Weirdness & Mutations

Your plain brown scales are hard (AC +5).
Your body does not fit into most forms of armour.
You are cold-blooded and may be slowed by cold attacks.


Message History

The crocodile moves out of view.
You see here a worm corpse.
There is an open door here.
You enter the shallow water.
Moving in this stuff is going to be slow.
The crocodile closely misses you.
Found 81 gold pieces.
Found Vuggi's General Store and Vatham Jix's Magic Scroll Boutique.
You slash the crocodile!
The crocodile is heavily wounded.
The crocodile bites you.
Your unstable footing causes you to fumble your attack.
The crocodile bites you!
* * * LOW HITPOINT WARNING * * *
Your unstable footing causes you to fumble your attack.
The crocodile closely misses you.
You hit the crocodile.
Your tail-slap misses the crocodile.
The crocodile is heavily wounded.
The crocodile barely misses you. The crocodile bites you!
You die...

#######≈≈≈.
......#≈≈≈ .⌠....#≈≈≈
∩.∩...#≈≈
.∩.∩..#≈≈### #
∩.∩.∩.#≈##†# #+# .##
...∩.∩#t#.####.##$B.#
+@'##.'.<.+#
.....∩#≈#...##.##.B.#
▓▓▓▓###≈##.###†# .##
$######≈≈### #.### #
##≈ #..#..# +#
##.#.## ##+##


You could see a crocodile.

Vanquished Creatures
  4 worker ants (D)
  3 worms (D)
7 creatures vanquished.

Notes
Turn   | Place    | Note
--------------------------------------------------------------
     0 | D        | Kagutsuchi the Draconian Berserker began the quest for the Orb.
     0 | D        | Reached XP level 1. HP: 19/19 MP: 1/1
     1 | D        | Noticed a boulder beetle
     1 | D        | Noticed a boulder beetle
     5 | D        | Noticed a worker ant
     5 | D        | Noticed a worker ant
     9 | D        | Killed a worker ant
     9 | D        | Reached skill level 4 in Fighting
     9 | D        | Reached XP level 2. HP: 28/28 MP: 2/2
    11 | D        | Reached ** piety under Trog
    11 | D        | Reached skill level 5 in Fighting
    11 | D        | Reached XP level 3. HP: 36/36 MP: 3/3
    16 | D        | Reached skill level 6 in Fighting
    16 | D        | Reached skill level 5 in Long Blades
    16 | D        | Reached skill level 5 in Dodging
    16 | D        | Reached XP level 4. HP: 44/44 MP: 4/4
   108 | D        | Reached *** piety under Trog
   119 | D        | Found Vecureqehu's Antique Armour Boutique.
   119 | D        | Found Miaff's Jewellery Shop.
   119 | D        | Found Tificw's Antique Armour Boutique.
   119 | D        | Found Woeppaas's Magic Scroll Boutique.
   119 | D        | Found Ufoofamp's Magic Scroll Shop.
   120 | D        | Found Etetaap's Food Shop.
   120 | D        | Found Camnue's Antique Weapon Shop.
   120 | D        | Found Efuptie's Distillery.
   125 | D        | Noticed a crocodile
   128 | D        | Found Vuggi's General Store.
   128 | D        | Found Vatham Jix's Magic Scroll Boutique.
   132 | D        | Slain by a crocodile

Skill      XL: |  1  2  3 |
---------------+----------+-----
Fighting       | 4 5 6 |  6.7
Long Blades    | 4 5 |  5.8
Dodging        | 4 5 |  5.5

Action                   |  1- 3 |  4- 6 || total
-------------------------+-------+-------++-------
Melee: Falchion          |     8 |    17 ||    25
       Tailslap          |       |     4 ||     4
Invok: Berserk           |     1 |       ||     1
  Use: Potion            |       |     1 ||     1
  Eat: Bread ration      |       |     1 ||     1
Armor: Skin              |     2 |       ||     2
Dodge: Dodged            |     3 |     6 ||     9
